 Dungeon Crawl Stone Soup version 0.27-a0-550-ge92ec0ca06 (webtiles) character file.

Game seed: 13667522755388376198

12658 tilp the Martial Artist (level 11, -2/76 HPs)
             Began as an Octopode Transmuter on Mar 7, 2021.
             Was a High Priest of Okawaru.
             Slain by a two-headed ogre
             ... wielding a +0 giant club of flaming
              (16 damage)
             ... in a volcano.
             The game lasted 00:22:30 (12391 turns).

tilp the Martial Artist (Octopode Transmuter)      Turns: 12391, Time: 00:22:31

Health: -2/76      AC:  2    Str: 10    XL:     11   Next: 96%
Magic:  11/17      EV: 32    Int: 19    God:    Okawaru [*****.]
Gold:   813        SH:  0    Dex: 17    Spells: 3/18 levels left

rFire    . . .     SeeInvis .     - Unarmed
rCold    . . .     Faith    .   (shield currently unavailable)
rNeg     + + .     Spirit   .   (helmet currently unavailable)
rPois    x         Reflect  .   o - amulet of regeneration
rElec    .         Harm     .   c - +4 ring of evasion
rCorr    .         Rampage  .   u - +4 ring of slaying
Will     .....                  x - +4 ring of slaying
Stlth    ++++......             d - ring of positive energy
HPRegen  1.22/turn              A - ring of positive energy
MPRegen  0.15/turn              (no ring)
                                (no ring)
                                (no ring)

@: spider-form, heroic, wereblooded
A: tiny, almost no armour, (amphibious), 8 rings, (constrict 8)
a: End Transformation, Renounce Religion, Heroism, Finesse


You were in a volcano.
You worshipped Okawaru.
Okawaru was extremely pleased with you.
You were a venomous arachnid creature.
You visited 2 branches of the dungeon, and saw 12 of its levels.
You also visited: Volcano.

You collected 813 gold pieces.

Inventory:

Missiles
 q - 48 poisoned darts (quivered)
 t - 5 boomerangs
 w - 2 javelins
 z - 4 datura-tipped darts
Armour
 v - a +1 hat of willpower (melded)
Jewellery
 c - a +4 ring of evasion (left front leg)
 d - a ring of positive energy (on tentacle)
 o - an amulet of regeneration (around neck)
 u - a +4 ring of slaying (right front leg)
 x - a +4 ring of slaying (on tentacle)
 A - a ring of positive energy (on tentacle)
Wands
 s - a wand of polymorph (2)
 C - a wand of random effects (17)
 D - a wand of charming (6)
Scrolls
 a - 2 scrolls of enchant weapon
 m - 4 scrolls of immolation
 p - 7 scrolls of teleportation
 y - a scroll of blinking
 I - a scroll of silence
Potions
 e - 2 potions of ambrosia
 f - 2 potions of flight
 g - 2 potions of mutation
 h - a potion of cancellation {unknown}
 k - a potion of brilliance {unknown}
 l - 3 potions of curing
 n - a potion of attraction {unknown}
 r - 2 potions of magic {unknown}
 E - a potion of heal wounds {unknown}
 F - a potion of berserk rage
 G - 2 potions of might
 H - 2 potions of haste


   Skills:
 + Level 7.6(12.6) Fighting
 + Level 6.3(11.3) Dodging
 + Level 4.8(9.8) Stealth
 * Level 8.4(13.4) Unarmed Combat
 - Level 4.0 Spellcasting
 - Level 8.0 Transmutations
 - Level 4.0 Ice Magic
 - Level 4.0 Poison Magic
 - Level 8.0 Invocations
 - Level 6.0 Evocations


You had 3 spell levels left.
You knew the following spells:

 Your Spells              Type           Power      Damage    Failure   Level
a - Beastly Appendage     Tmut           68%        N/A       3%          1
b - Wereblood             Tmut           34%        N/A       4%          2
c - Spider Form           Tmut/Pois      13%        N/A       12%         3
d - Ice Form              Ice/Tmut       26%        N/A       28%         4
e - Blade Hands           Tmut           17%        N/A       32%         5

Your spell library contained the following spells:

 Spells                   Type           Power      Damage    Failure   Level
 Confusing Touch          Hex            3%         N/A       61%         3
 Gell's Gravitas          Tloc           1%         N/A       61%         3
 Petrify                  Tmut/Erth      19%        N/A       47%         4
 Yara's Violent Unravell  Hex/Tmut       9%         3d6       78%         5
 Summon Lightning Spire   Summ/Air       3%         N/A       92%         4
 Metabolic Englaciation   Hex/Ice        5%         N/A       95%         5
 Silence                  Hex/Air        1%         N/A       99%         5
 Conjure Ball Lightning   Conj/Air       1%         3x3d6     100%        6
 Tornado                  Air            1%         N/A       100%        9


Dungeon Overview and Level Annotations

Branches:
Dungeon (11/15)            Temple (0/1) D:7            Lair (1/6) D:9
    Orc (0/2) D:9         Volcano (1/1)

Altars:
Ashenzari
Cheibriados
Dithmenos
Gozag
Kikubaaqudgha
Makhleb
Okawaru
Ru
Sif Muna
Trog
Vehumet
Wu Jian
Xom
The Shining One

Shops:
D:6 (   D:11 (


Innate Abilities, Weirdness & Mutations

You cannot wear most types of armour.
((You are amphibious.))
You can wear up to eight rings at the same time.
((You can use your tentacles to constrict eight enemies at once.))
((Your skin changes colour to match your surroundings (Stealth+).))
((Your rubbery body absorbs attacks. (AC +1, EV +1)))
((You are stealthy while swimming. (Stealth+)))


Message History

The two-headed ogre is heavily wounded.
The two-headed ogre hits you with a +0 giant club of flaming!!
The two-headed ogre burns you.
The two-headed ogre completely misses you.
You bite the two-headed ogre!
The two-headed ogre looks as sick as possible!
The two-headed ogre is almost dead.
The ogre mage points at itself and mumbles some strange words.
The ogre mage flickers and vanishes!
Deactivating autopickup; reactivate with Ctrl-A.
You bite the two-headed ogre!
The two-headed ogre looks as sick as possible!
The two-headed ogre is almost dead.
The two-headed ogre misses you.
The two-headed ogre hits you with a +0 giant club of flaming.
The two-headed ogre burns you.
Unknown command.
You hit the two-headed ogre.
You kill the two-headed ogre!
Okawaru is honoured by your kill.
Unknown command.
Aiming: Charm
Press: ? - help, Shift-Dir - straight line, f - two-headed ogre
Aim: a two-headed ogre, wielding two +0 giant clubs of flaming (chance to affect: 47%)
The two-headed ogre resists with some effort.
You maul the two-headed ogre!!
The two-headed ogre looks as sick as possible!
The two-headed ogre is moderately wounded.
The two-headed ogre misses you. The two-headed ogre closely misses you.
You hit the two-headed ogre.
The two-headed ogre is moderately wounded.
Unknown command.
You hit the two-headed ogre.
The two-headed ogre is heavily wounded.
The two-headed ogre hits you with a +0 giant club of flaming!!
* * * LOW HITPOINT WARNING * * *
The two-headed ogre burns you.
* * * LOW HITPOINT WARNING * * *
The two-headed ogre hits you with a +0 giant club of flaming!
You die...

§§≈≈≈≈§≈§≈§§§§§≈≈≈≈≈≈§§§≈§§≈§§≈§≈
§§§≈≈≈§≈≈≈§§§≈≈§≈≈≈≈≈≈≈§§§..≈§§§§
≈≈≈§≈≈≈≈≈§§§≈§≈≈§§§≈≈§≈§≈§≈§§§≈§≈
≈§≈≈≈≈≈≈....§...§§...§.§.≈§≈≈≈§§≈
≈≈≈§≈ ######+########.§§≈≈§≈≈ ≈
#.# #.≈≈≈§§≈≈ #.# #.§≈§§§§≈ #.#
#.≈≈§§≈≈§ #s# #.≈§≈≈≈≈ #O#
.≈≈§§≈≈ #O# .≈§ §≈ #{# ... .8_8.
+.....+ #######


You could see 2 two-headed ogres.

Vanquished Creatures
  A hydra (D:11)
  3 two-headed ogres
  An unseen horror (D:11)
  2 ugly things (D:11)
  A centaur zombie (D:11)
  A gargoyle (D:11)
  A kobold demonologist (D:11)
  2 trolls
  A hornet (D:8)
  Sigmund (D:3)
  A shadow (D:11)
  4 wyverns
  4 fire bats
  6 yaks (D:10)
  An acid dragon (D:11)
  A water moccasin (Lair:1)
  4 orc warriors
  A swamp drake (D:9)
  2 black bears
  4 ice beasts
  3 sky beasts
  2 ogres
  A necrophage (D:10)
  A phantom (D:9)
  A kobold brigand (D:11)
  6 bullfrogs
  A wyvern skeleton (D:10)
  8 wights
  8 killer bees
  A howler monkey (D:6)
  A crimson imp (D:4)
  3 bullfrog zombies
  3 jellies
  2 lava snakes (Volcano)
  3 bullfrog skeletons
  7 hounds
  A gnoll shaman (D:8)
  4 orc priests
  A centaur skeleton (D:8)
  Jessica (D:2)
  3 iguanas
  7 worker ants
  21 orc wizards
  A hound zombie (D:9)
  2 hound skeletons
  2 worker ant zombies
  Robin (D:2)
  5 gnolls
  10 adders
  A shadow imp (D:5)
  2 white imps
  An ufetubus (D:10)
  An ooze (D:5)
  An adder skeleton (D:7)
  A worm (D:2)
  3 dart slugs
  7 leopard geckos
  41 orcs
  4 bats
  8 giant cockroaches
  11 goblins
  12 hobgoblins
  9 jackals
  7 quokkas
  3 ball pythons
  A frilled lizard (D:3)
  6 kobolds
  A leopard gecko skeleton (D:4)
  7 rats
279 creatures vanquished.

Vanquished Creatures (others)
  2 fungi (D:6)
2 creatures vanquished.

Grand Total: 281 creatures vanquished

Notes
Turn   | Place    | Note
-------+----------+-------------------------------------------
     0 | D:1      | tilp the Octopode Transmuter began the quest for the Orb.
     0 | D:1      | Reached XP level 1. HP: 13/13 MP: 3/3
   125 | D:1      | Reached skill level 1 in Stealth
   140 | D:1      | Reached XP level 2. HP: 11/18 MP: 5/5
   145 | D:1      | Learned a level 2 spell: Wereblood
   513 | D:1      | Found an iron altar of Okawaru.
   529 | D:1      | Became a worshipper of Warmaster Okawaru
   960 | D:2      | Noticed Robin
   966 | D:2      | Reached XP level 3. HP: 23/23 MP: 1/6
   975 | D:2      | Killed Robin
  1392 | D:2      | Reached skill level 1 in Invocations
  1392 | D:2      | Reached XP level 4. HP: 22/28 MP: 4/7
  2220 | D:2      | Noticed Jessica
  2237 | D:2      | Killed Jessica
  2238 | D:2      | Reached XP level 5. HP: 8/34 MP: 5/8
  2970 | D:3      | Noticed Sigmund
  3673 | D:3      | Found an ancient bone altar of Kikubaaqudgha.
  3890 | D:3      | Killed Sigmund
  3890 | D:3      | Reached * piety under Okawaru
  3891 | D:3      | Reached XP level 6. HP: 42/42 MP: 9/9
  4348 | D:4      | Reached XP level 7. HP: 44/46 MP: 5/10
  4397 | D:4      | Found an opulent altar of Gozag.
  4463 | D:4      | Reached skill level 5 in Unarmed Combat
  4556 | D:4      | Found a burning altar of Makhleb.
  4558 | D:4      | Found a radiant altar of Vehumet.
  4877 | D:5      | Entered Level 5 of the Dungeon
  5073 | D:5      | Found a bloodstained altar of Trog.
  5097 | D:5      | Learned a level 3 spell: Spider Form
  5160 | D:5      | Reached skill level 1 in Poison Magic
  5160 | D:5      | Reached XP level 8. HP: 37/54 MP: 9/11
  5416 | D:5      | Reached ** piety under Okawaru
  5484 | D:5      | Found a shimmering altar of Xom.
  5709 | D:6      | Found Raojosch's Antique Weapon Shop.
  5968 | D:6      | Found a shadowy altar of Dithmenos.
  6149 | D:6      | Found a runed translucent door.
  6150 | D:6      | Noticed Crazy Yiuf
  6255 | D:6      | Found a snail-covered altar of Cheibriados.
  6330 | D:6      | Found a broken altar of Ashenzari.
  6444 | D:6      | Reached skill level 5 in Transmutations
  6663 | D:6      | Noticed Crazy Yiuf
  6663 | D:6      | Crazy Yiuf changed into Crazy Yiuf the howler monkey
  6666 | D:6      | Killed Crazy Yiuf the howler monkey
  6995 | D:7      | Found a sacrificial altar of Ru.
  7017 | D:7      | Reached XP level 9. HP: 43/58 MP: 12/15
  7040 | D:7      | Found a shimmering blue altar of Sif Muna.
  7415 | D:7      | Found a staircase to the Ecumenical Temple.
  7653 | D:7      | Reached *** piety under Okawaru
  7765 | D:7      | Learned a level 4 spell: Ice Form
  7864 | D:8      | Reached skill level 5 in Invocations
  7909 | D:8      | Noticed a hornet
  7918 | D:8      | Killed a hornet
  7919 | D:8      | Reached skill level 5 in Fighting
  8506 | D:8      | Found an ornate altar of the Wu Jian Council.
  8779 | D:9      | Noticed a troll
  8852 | D:9      | Found a glowing golden altar of the Shining One.
  8969 | D:9      | Reached XP level 10. HP: 68/68 MP: 16/16
  8984 | D:9      | Found a staircase to the Lair.
  9189 | D:9      | Reached skill level 5 in Dodging
  9199 | D:9      | Reached **** piety under Okawaru
  9212 | D:9      | Found a staircase to the Orcish Mines.
  9743 | D:10     | Entered Level 10 of the Dungeon
  9881 | D:10     | Reached skill level 1 in Evocations
  9924 | D:10     | Reached skill level 1 in Ice Magic
 10494 | D:10     | Reached ***** piety under Okawaru
 10499 | D:10     | Received a gift from Okawaru
 11042 | D:11     | Reached XP level 11. HP: 14/72 MP: 17/17
 11184 | D:11     | Noticed a cyan ugly thing
 11191 | D:11     | Killed a cyan ugly thing
 11296 | D:11     | Found Ingoj's Antique Weapon Boutique.
 11397 | D:11     | Killed an unseen horror
 11398 | D:11     | Reached skill level 5 in Evocations
 11488 | D:11     | Noticed a white ugly thing
 11502 | D:11     | Killed a white ugly thing
 11656 | D:11     | Noticed a two-headed ogre
 11667 | D:11     | Killed a two-headed ogre
 11668 | D:11     | Noticed a two-headed ogre
 11678 | D:11     | Killed a two-headed ogre
 11878 | D:11     | Noticed a five-headed hydra
 11886 | D:11     | Killed a five-headed hydra
 12090 | D:11     | Learned a level 5 spell: Blade Hands
 12154 | Lair:1   | Entered Level 1 of the Lair of Beasts
 12224 | Lair:1   | Found a dark tunnel.
 12241 | Volcano  | Entered a volcano
 12314 | Volcano  | HP: 1/75 [something (20)]
 12379 | Volcano  | Found a burning altar of Makhleb.
 12379 | Volcano  | Noticed a two-headed ogre
 12379 | Volcano  | Noticed a two-headed ogre
 12379 | Volcano  | Noticed an ogre mage
 12379 | Volcano  | Noticed a two-headed ogre
 12387 | Volcano  | Killed a two-headed ogre
 12391 | Volcano  | Slain by a two-headed ogre

Illustrated notes

Levels and vault maps discovered:
D:1:      eino_arrival_cavern_e, layout_basic, okawaru_ov_weapons_minmay
D:2:      layout_loops_cross, minmay_misc_feat_hallway, uniq_robin, uniq_jessica
D:3:      layout_rooms, lemuel_round_altar, uniq_sigmund
D:4:      layout_loops_ring, grunt_temple_overflow_lords_of_destruction,
          kennysheep_mini
D:5:      layout_gridville, bloody_trog, nicolae_overflow_hidden_temple,
          kennysheep_nub
D:6:      layout_loops_ring, grunt_dithmenos_smoke, old_standard_altar,
          lemuel_crystal_altar, serial_shops, nicolae_shop_behind_doors,
          small_statue_intersection, uniq_crazy_yiuf_cottage
D:7:      kennysheep_orc_sif_temple, layout_basic, general_overflow_altar,
          temple_hall
D:8:      layout_rooms, pdpol_wu_jian_five_deadly_venoms, water_maze_lemuel
D:9:      layout_loops_ring, nicolae_tso_carved_into_rock, lair_entry_dummy,
          erik_orc_1
D:10:     layout_layer_cave
D:11:     layout_roguey, serial_shops, shop, solitary_fountain,
          chequers_serial_rivers_room_a, chequers_serial_rivers_micro_a
Lair:1:   layout_hall_layers, nicolae_volcano_entry_batcave,
          nicolae_lair_grove_arrangements, beast_lair_carwin_1, uniq_erica
Volcano:  volcano_lake [vl_original]

Skill      XL: |  1  2  3  4  5  6  7  8  9 10 11 |
---------------+----------------------------------+-----
Stealth        | 2 3 4 |  4.8
Invocations    | 1 2 3 4 6 8 |  8.0
Fighting       | 2 3 4 5 6 7 |  7.6
Unarmed Combat | 4 6 7 8 |  8.4
Transmutations | 3 6 8 |  8.0
Poison Magic   | 1 2 4 |  4.0
Spellcasting   | 4 |  4.0
Dodging        | 4 6 |  6.3
Evocations     | 4 6 |  6.0
Ice Magic      | 2 4 |  4.0

Action                   |  1- 3 |  4- 6 |  7- 9 | 10-12 || total
-------------------------+-------+-------+-------+-------++-------
Melee: Unarmed           |    73 |   131 |   226 |   256 ||   686
       Constrict         |    15 |    38 |    38 |    28 ||   119
       Tentacles         |    14 |    19 |    25 |    13 ||    71
       Kick              |     8 |    21 |    25 |    13 ||    67
       Punch             |     2 |     5 |     9 |     6 ||    22
Throw: Stone             |       |     1 |       |       ||     1
       Dart              |       |     3 |     2 |       ||     5
 Cast: Beastly Appendage |     8 |    25 |    33 |    10 ||    76
       Wereblood         |     2 |    10 |    11 |    10 ||    33
       Spider Form       |       |       |     5 |    14 ||    19
       Ice Form          |       |       |       |     6 ||     6
Invok: Heroism           |       |     1 |     5 |    11 ||    17
Evoke: Wand              |       |       |     4 |     2 ||     6
  Use: Scroll            |       |       |     5 |    10 ||    15
       Potion            |       |       |     3 |     2 ||     5
 Stab: Sleeping          |     7 |     7 |    21 |    10 ||    45
Armor: Skin              |     4 |     7 |    82 |    15 ||   108
Dodge: Dodged            |    47 |    83 |   111 |   155 ||   396

Table legend: (Time is in decaauts)
 A = Elapsed time spent in this place.
 B = Non-inter-level travel time spent in this place.
 C = Inter-level travel time spent in this place.
 D = Time resting spent in this place.
 E = Time spent auto-exploring this place.
 F = Levels seen in this place.
 G = Mean time per level.
                   A        B        C        D        E       F      G
               +--------+--------+--------+--------+--------+-----+--------+
         Total |  12307 |  11715 |    592 |   1617 |   7936 |  13 |  946.7 |
       Dungeon |  12075 |  11483 |    592 |   1581 |   7936 |  11 | 1097.7 |
          Lair |     85 |     85 |      0 |      0 |      0 |   1 |   85.0 |
       Volcano |    146 |    146 |      0 |     36 |      0 |   1 |  146.0 |
               +--------+--------+--------+--------+--------+-----+--------+

Top non-repeatable levels by time:
     D:1: 1867 daAuts
    D:10: 1316 daAuts
     D:9: 1164 daAuts
     D:6: 1125 daAuts
     D:2: 1098 daAuts
    D:11: 1044 daAuts
     D:7: 1029 daAuts
     D:4: 955 daAuts
     D:3: 941 daAuts
     D:8: 797 daAuts
     D:5: 733 daAuts
 Volcano: 146 daAuts
  Lair:1: 85 daAuts
